 Dungeon Crawl Stone Soup version 0.31-a0-149-g3fdcc5976a (webtiles) character file.

Game seed: 16618491635736250142

602 qw the Skirmisher (level 7, 0/61 HPs)
             Began as a Minotaur Hunter on June 7, 2023.
             Slain by a hound (2 damage)
             ... on level 4 of the Dungeon.
             The game lasted 00:01:23 (3288 turns).

qw the Skirmisher (Minotaur Hunter)                 Turns: 3288, Time: 00:01:23

Health: 0/61       AC:  5    Str: 15    XL:     7   Next: 18%
Magic:  6/6        EV: 12    Int:  6    God:
Gold:   177        SH:  0    Dex: 16    Spells: 6/6 levels left

rFire   . . .        Y - +1 shortbow
rCold   . . .        (shield currently unavailable)
rNeg    . . .        d - +0 ring mail
rPois   .            (helmet restricted)
rElec   .            (no cloak)
rCorr   .            (no gloves)
SInv    .            (no boots)
Will    .....        (no amulet)
Stlth   +            (no ring)
HPRegen 0.30/turn    (no ring)
MPRegen 0.10/turn

%: no passive effects
@: no status effects
A: horns 2, retaliatory headbutt
a: no special abilities


You were on level 4 of the Dungeon.
You visited 1 branch of the dungeon, and saw 4 of its levels.

You collected 219 gold pieces.
You spent 42 gold pieces at shops.


Innate Abilities, Weirdness & Mutations

You have a pair of horns on your head.
You reflexively headbutt those who attack you in melee.


   Skills:
 - Level 5.0 Fighting
 + Level 8.1 Ranged Weapons
 - Level 1.0 Armour
 - Level 3.5 Dodging
 - Level 0.7 Stealth


You had 6 spell levels left.
You didn't know any spells.
Your spell library was empty.

Inventory:

Hand Weapons
 Y - a +1 shortbow (weapon)
Armour
 d - a +0 ring mail (worn)
Scrolls
 b - a scroll of amnesia {unknown}
 l - a scroll of identify
Potions
 a - a potion of resistance {unknown}
 c - a potion of might {unknown}
 h - a potion of haste
 j - 2 potions of curing

Dungeon Overview and Level Annotations

Branches:
Dungeon (4/15)
 Temple: D:4-7

Altars:
Qazlal

Shops:
D:1 !


Message History

You kill the ball python!
You have reached level 7!
You shoot an arrow. The arrow hits the ogre.
The ogre is lightly wounded.
You shoot an arrow. The arrow hits the ogre!
The ogre is moderately wounded.
You shoot an arrow. The arrow barely misses the ogre.
You shoot an arrow. The arrow hits the ogre.
The ogre is heavily wounded.
You shoot an arrow. The arrow barely misses the ogre.
You shoot an arrow. The arrow hits the ogre!
The ogre is severely wounded.
The ogre hits you with a +0 giant spiked club!!
You shoot an arrow. The arrow hits the ogre.
The ogre is severely wounded.
The ogre misses you.
You shoot an arrow. The arrow hits the ogre.
The ogre is almost dead.
The ogre hits you with a +0 giant spiked club!!
Ouch! That really hurt!
3285 ||| READING scroll of teleportation.
As you read the scroll of teleportation, it crumbles to dust.
You feel strangely unstable.
You shoot an arrow. The arrow hits the ogre.
The ogre is almost dead.
The ogre barely misses you. You furiously retaliate!
You headbutt the ogre!
You kill the ogre!
Your Dodging skill increases to level 3!
You start resting.
Your surroundings suddenly seem different.
A hound and a phantom come into view.
Enter note:
Enter note:
Enter note:
Enter note: You shoot an arrow.
The arrow hits the hound!
The hound barks!
The hound is heavily wounded.
The hound closely misses you. The hound bites you.
You die...

#############
#...........#
##...........#
.............#
#W....@.....#
#....h......#
#...........#
#...........#
#...........#
#...........#
#...........#
#...........#
...


You could see a phantom and a hound.

Vanquished Creatures
  Sigmund (D:3)
  An ogre (D:4)
  A scorpion (D:4)
  Ijyb (D:3)
  An orc wizard (D:3)
  11 gnolls
  4 adders
  5 dart slugs
  12 orcs
  9 ball pythons
  5 endoplasms
  A giant cockroach (D:4)
  7 hobgoblins
  7 kobolds
  3 quokkas
  7 bats
  4 frilled lizards
  8 goblins
  4 rats
92 creatures vanquished.

Notes
Turn   | Place    | Note
-------+----------+-------------------------------------------
     0 | D:1      | qw the Minotaur Hunter began the quest for the Orb.
     0 | D:1      | Reached XP level 1. HP: 18/18 MP: 0/0
     0 | D:1      | 0 ||| qw: Version: 0.2-a-117-gc6b5c8b
     0 | D:1      | 0 ||| qw: Game counter: 2605
     0 | D:1      | 0 ||| qw: Always use a shield: true
     0 | D:1      | 0 ||| qw: God list: Okawaru
     0 | D:1      | 0 ||| qw: Allow faded altars: false
     0 | D:1      | 0 ||| qw: Do Orc after D:15 true
     0 | D:1      | 0 ||| qw: Do second Lair branch before Depths: true
     0 | D:1      | 0 ||| qw: Lair rune preference: random
     0 | D:1      | 0 ||| qw: Plans: Normal
     0 | D:1      | 0 ||| PLANNING D:1-11
    31 | D:1      | 31 ||| Stepping ~*~*~tactically~*~*~ (outnumbered).
    33 | D:1      | 33 ||| Stepping ~*~*~tactically~*~*~ (outnumbered).
    35 | D:1      | 35 ||| Stepping ~*~*~tactically~*~*~ (outnumbered).
    61 | D:1      | Reached XP level 2. HP: 25/25 MP: 1/1
   144 | D:1      | Reached skill level 5 in Ranged Weapons
   242 | D:1      | Reached skill level 3 in Fighting
   469 | D:1      | Found Saekoup's Distillery.
   478 | D:1      | 478 ||| BUYING potion of curing (42 gold).
   478 | D:1      | Bought a potion of curing for 42 gold pieces
   478 | D:1      | 478 ||| SHOPLISTING potion of curing (42 gold, have 16).
   478 | D:1      | 478 ||| SHOPLISTING potion of might (56 gold, have 16).
   562 | D:1      | 562 ||| READING scroll labelled JEEHUA FAJI.
   563 | D:1      | 563 ||| READING 3 scrolls labelled GOET BEADO.
   564 | D:1      | 564 ||| READING scroll labelled CUGEKAOHEC.
   565 | D:1      | 565 ||| READING scroll labelled BAACITR YCRISOTU.
   649 | D:1      | 649 ||| DROPPING scroll of butterflies.
   650 | D:1      | 650 ||| DROPPING 2 scrolls of fear.
   712 | D:2      | Reached XP level 3. HP: 31/31 MP: 2/2
   849 | D:2      | Found a faded altar of an unknown god.
  1089 | D:2      | 1089 ||| DRINKING 4 potions of curing.
  1089 | D:2      | 1089 ||| (to cure poison)
  1215 | D:2      | Reached XP level 4. HP: 38/38 MP: 3/3
  1219 | D:2      | 1219 ||| DRINKING 2 lumpy cyan potions.
  1352 | D:3      | Reached skill level 6 in Ranged Weapons
  1423 | D:3      | 1423 ||| DRINKING 4 potions of curing.
  1423 | D:3      | 1423 ||| (to cure confusion)
  1427 | D:3      | 1427 ||| DRINKING 3 potions of curing.
  1427 | D:3      | 1427 ||| (to cure confusion)
  1594 | D:3      | Noticed Ijyb
  1608 | D:3      | Killed Ijyb
  1609 | D:3      | Reached XP level 5. HP: 18/46 MP: 4/4
  1744 | D:3      | Noticed Sigmund
  1760 | D:3      | HP: 9/46 [something (7)]
  1763 | D:3      | Killed Sigmund
  1764 | D:3      | Reached skill level 7 in Ranged Weapons
  1764 | D:3      | Reached XP level 6. HP: 9/52 MP: 5/5
  1855 | D:3      | 1855 ||| FLEEEEING.
  1856 | D:3      | 1856 ||| FLEEEEING.
  2057 | D:3      | 2057 ||| UPGRADING to +0 ring mail.
  2058 | D:3      | 2058 ||| UPGRADING to +0 ring mail.
  2161 | D:3      | 2161 ||| DROPPING +0 leather armour.
  2167 | D:3      | 2167 ||| READING scroll labelled QURIAGEUTO.
  2221 | D:3      | Reached skill level 1 in Armour
  2419 | D:3      | Found a stormy altar of Qazlal.
  2620 | D:3      | 2620 ||| READING scroll labelled XEUSHR ALY GAU.
  2710 | D:3      | 2710 ||| READING 2 scrolls labelled PIYSIA BUFROFI.
  2713 | D:3      | 2713 ||| READING scroll labelled USOAM TIOVOUL.
  2714 | D:3      | 2714 ||| READING scroll labelled EQAEWILEUX.
  2715 | D:3      | 2715 ||| READING 5 scrolls of identify.
  2715 | D:3      | 2715 ||| IDENTIFYING sedimented purple potion
  2716 | D:3      | 2716 ||| READING 4 scrolls of identify.
  2716 | D:3      | 2716 ||| IDENTIFYING pink potion
  2717 | D:3      | 2717 ||| READING 3 scrolls of identify.
  2717 | D:3      | 2717 ||| IDENTIFYING lumpy silvery potion
  2718 | D:3      | 2718 ||| READING 2 scrolls of identify.
  2718 | D:3      | 2718 ||| IDENTIFYING grey potion
  2719 | D:3      | 2719 ||| DROPPING potion of degeneration.
  2720 | D:3      | 2720 ||| DROPPING potion of berserk rage.
  2721 | D:3      | 2721 ||| DROPPING potion of ambrosia.
  2738 | D:4      | Reached skill level 8 in Ranged Weapons
  2832 | D:4      | 2832 ||| Stepping ~*~*~tactically~*~*~ (outnumbered).
  3083 | D:4      | 3083 ||| Stepping ~*~*~tactically~*~*~ (outnumbered).
  3085 | D:4      | 3085 ||| Stepping ~*~*~tactically~*~*~ (outnumbered).
  3096 | D:4      | HP: 10/55 [gnoll/+0 spear[a gnoll bouda] (5)]
  3097 | D:4      | 3097 ||| READING 2 scrolls of teleportation.
  3098 | D:4      | 3098 ||| DRINKING potion of heal wounds.
  3234 | D:4      | 3234 ||| FLEEEEING.
  3235 | D:4      | 3235 ||| FLEEEEING.
  3236 | D:4      | 3236 ||| FLEEEEING.
  3237 | D:4      | 3237 ||| FLEEEEING.
  3238 | D:4      | 3238 ||| FLEEEEING.
  3239 | D:4      | 3239 ||| FLEEEEING.
  3240 | D:4      | 3240 ||| FLEEEEING.
  3277 | D:4      | Reached XP level 7. HP: 61/61 MP: 6/6
  3284 | D:4      | HP: 1/61 [ogre/+0 giant spiked club (33)]
  3285 | D:4      | 3285 ||| READING scroll of teleportation.
  3287 | D:4      | Reached skill level 3 in Dodging
  3288 | D:4      | Slain by a hound

Levels and vault maps discovered:
D:1:      ebering_trefoil_twist, layout_basic, serial_shops, shop,
          minmay_strange_pillars
D:2:      minmay_chambers_of_twos, layout_rooms, nicolae_ecumenical_oubliette
D:3:      layout_basic, mainiacjoe_overflow_catwalk, wad_orctagon, uniq_sigmund,
          uniq_ijyb
D:4:      layout_basic

Skill      XL: |  1  2  3  4  5  6  7 |
---------------+----------------------+-----
Ranged Weapons | 5 6 7 8 |  8.1
Fighting       | 3 4 5 |  5.0
Armour         | 1 |  1.0
Dodging        | 3 |  3.5
Stealth        | |  0.7

Action                     |  1- 3 |  4- 6 |  7- 9 || total
---------------------------+-------+-------+-------++-------
   Fire: Shortbow          |   115 |   175 |    10 ||   300
    Use: Scroll            |     4 |    10 |     1 ||    15
         Potion            |     1 |     4 |       ||     5
 Armour: Leather armour    |    16 |     3 |       ||    19
         Ring mail         |       |    13 |       ||    13
  Dodge: Dodged            |    27 |    44 |     3 ||    74

Table legend:
 A = Non-vault XP
 B = Vault XP
 C = Vault XP percentage of total XP
 D = Non-vault monster count
 E = Vault monster count
 F = Vault count percentage of total count
                 A         B        C        D         E       F
            +---------+---------+-------+---------+---------+-------
      Total |     558 |     302 |  35.1 |      78 |      14 |  15.2
            +---------+---------+-------+---------+---------+-------
        D:1 |      40 |       0 |   0.0 |      23 |       0 |   0.0
        D:2 |      35 |      23 |  39.7 |      12 |       8 |  40.0
        D:3 |     124 |     279 |  69.2 |      21 |       6 |  22.2
        D:4 |     359 |       0 |   0.0 |      22 |       0 |   0.0
            +---------+---------+-------+---------+---------+-------
